 Dungeon Crawl Stone Soup version 0.20-a0-223-g066d66b (webtiles) character file.

1080 Jarlath the Carver (level 8, -3/55 HPs)
             Began as a High Elf Monk on Nov 29, 2016.
             Was a Priest of Dithmenos.
             Slain by a bullfrog (4 damage)
             ... on level 7 of the Dungeon.
             The game lasted 00:06:37 (6774 turns).

Jarlath the Carver (High Elf Monk)                  Turns: 6774, Time: 00:06:38

Health: -3/55      AC:  6    Str:  8 (10) XL:     8   Next: 8%
Magic:  9/9        EV: 17    Int: 12 (13) God:    Dithmenos [***...]
Gold:   345        SH:  0    Dex: 19 (21) Spells: 7/7 levels left

rFire  . . .     SeeInvis .     f - +0 great sword
rCold  . . .     Gourm    .     l - +0 leather armour
rNeg   . . .     Faith    .     (shield currently unavailable)
rPois  .         Spirit   .     (no helmet)
rElec  .         Reflect  .     g - +2 cloak
rCorr  .         Harm     .     (no gloves)
MR     .....                    (no boots)
Stlth  +++.......               (no amulet)
                                (no ring)
                                (no ring)

@: wreathed by umbra
A: no striking features
a: Shadow Step, Renounce Religion


You were on level 7 of the Dungeon.
You worshipped Dithmenos.
Dithmenos was most pleased with you.
You were not hungry.

You visited 1 branch of the dungeon, and saw 7 of its levels.

You collected 345 gold pieces.

Inventory:

Hand Weapons
 f - a +0 great sword (weapon)
Armour
 g - a +2 cloak (worn)
 l - a +0 leather armour (worn)
Wands
 h - a wand of slowing (18/48)
 j - a wand of lightning (8/15)
 k - a wand of acid (0/15)
 n - a wand of lightning (2/15)
 q - a wand of slowing (26/48)
 w - a wand of digging (10/24)
Scrolls
 d - a scroll of teleportation
 e - a scroll of remove curse
 i - a scroll of enchant armour
 m - 2 scrolls of amnesia
 r - a scroll of magic mapping {unknown}
Potions
 a - a potion of magic
Books
 t - a book of Maledictions

   Spells                             Type                      Level
   a - Corona                         Hexes                        1
   b - Ensorcelled Hibernation        Hexes/Ice                    2
   c - Confuse                        Hexes                        3
   d - Tukima's Dance                 Hexes                        3
   e - Dazzling Spray                 Conjuration/Hexes            3
Comestibles
 c - 3 bread rations


   Skills:
 - Level 5.0 Fighting
 + Level 8.0 Long Blades
 - Level 7.5 Dodging
 - Level 2.1 Stealth


You had 7 spell levels left.
You didn't know any spells.

Dungeon Overview and Level Annotations

Branches:
Dungeon (7/15)
 Temple: D:4-7

Altars:
Cheibriados
Dithmenos
Gozag
Okawaru

Annotations:
D:4 Purgy


Message History

You hit the bullfrog.
The bullfrog is moderately wounded.
Unknown command.
Zapping:
k - a wand of acid (?/15) {zapped: 6} (will waste charges)
Press: ? - help, Shift-Dir - straight line, f/p - hound
Aim: a hound (moderately wounded, umbra)
The bolt of acid hits the hound.
The hound is splashed with acid.
The hound is almost dead.
Evoking this partially-identified wand wasted a few charges.
The hound barely misses you.
You riposte.
You miss the hound.
The hound is almost dead.
The bullfrog closely misses you.
Unknown command.
Zapping:
k - a wand of acid (?/15) {zapped: 9} (will waste charges)
Press: ? - help, Shift-Dir - straight line, f/p - hound
Aim: a hound (almost dead, umbra) Nothing appears to happen.
The hound bites you.
* * * LOW HITPOINT WARNING * * *
The bullfrog hits you.
You die...

###. ###...#
....... ### #
....... ..##.##
.......#....รท.#
.............#
$......)h....#
#@F....#
###+###.#


You could see a bullfrog and a hound.

Vanquished Creatures
  An ice beast (D:6)
  2 ogres (D:5)
  A phantom (D:4)
  A scorpion (D:5)
  A bullfrog zombie (D:5)
  A jelly (D:5)
  An orc priest (D:7)
  3 hounds
  A gnoll shaman (D:5)
  4 orc wizards
  An iguana (D:4)
  A worker ant (D:4)
  Natasha (thrice) (D:3)
  6 gnolls (D:5)
  5 adders
  A shadow imp (D:6)
  An adder zombie (D:5)
  An adder skeleton (D:5)
  2 worms
  3 dart slugs
  7 leopard geckos
  21 orcs
  A ball python (D:1)
  3 giant cockroaches
  6 goblins
  10 hobgoblins
  4 jackals
  5 kobolds
  7 bats
  6 frilled lizards
  2 leopard gecko zombies (D:6)
  17 rats
129 creatures vanquished.

Vanquished Creatures (others)
  An orc (D:3)
1 creature vanquished.

Grand Total: 130 creatures vanquished

Notes
Turn   | Place    | Note
-------+----------+-------------------------------------------
     0 | D:1      | Jarlath the High Elf Monk began the quest for the Orb.
     0 | D:1      | Reached XP level 1. HP: 16/16 MP: 2/2
   132 | D:1      | Reached skill level 4 in Long Blades
   199 | D:1      | Reached XP level 2. HP: 21/21 MP: 3/3
   518 | D:1      | Reached skill level 5 in Long Blades
   578 | D:1      | Reached XP level 3. HP: 24/26 MP: 4/4
  1434 | D:2      | Found a shadowy altar of Dithmenos.
  2004 | D:3      | Reached skill level 6 in Long Blades
  2004 | D:3      | Reached XP level 4. HP: 23/31 MP: 5/5
  2188 | D:3      | Found an opulent altar of Gozag.
  2212 | D:3      | Noticed Natasha
  2219 | D:3      | Killed Natasha
  2434 | D:3      | Noticed Natasha
  2442 | D:3      | Killed Natasha
  2442 | D:3      | Reached XP level 5. HP: 14/36 MP: 6/6
  2833 | D:2      | Became a worshipper of Dithmenos the Shadowed
  2833 | D:2      | Reached * piety under Dithmenos
  2833 | D:2      | Reached ** piety under Dithmenos
  3002 | D:3      | Noticed Natasha
  3009 | D:3      | Killed Natasha
  3485 | D:4      | Reached XP level 6. HP: 42/42 MP: 7/7
  3521 | D:4      | Reached skill level 5 in Dodging
  4255 | D:4      | Noticed Purgy
  4707 | D:5      | Entered Level 5 of the Dungeon
  4774 | D:5      | Gained mutation: You are clumsy. (Dex -2) [potion of mutation]
  4774 | D:5      | Gained mutation: You are frail. (-10% HP) [potion of mutation]
  5126 | D:5      | Reached XP level 7. HP: 32/43 MP: 8/8
  5293 | D:5      | Reached *** piety under Dithmenos
  5568 | D:5      | Found a snail-covered altar of Cheibriados.
  5700 | D:5      | Reached skill level 5 in Fighting
  5742 | D:5      | Found an iron altar of Okawaru.
  5972 | D:5      | Reached skill level 7 in Long Blades
  6237 | D:6      | Reached XP level 8. HP: 6/49 MP: 9/9
  6648 | D:6      | Lost mutation: You are clumsy. (Dex -2) [potion of cure mutation]
  6648 | D:6      | Lost mutation: You are frail. (-10% HP) [potion of cure mutation]
  6766 | D:6      | HP: 1/55 [orc priest/divine providence (17)]
  6770 | D:7      | Reached skill level 8 in Long Blades
  6774 | D:7      | HP: 1/55 [hound (1)]
  6774 | D:7      | Slain by a bullfrog

Vault maps used:
D:1:      dpeg_arrival_ratfight, serial_park_tiny_1
D:2:      nicolae_overflow_hidden_temple, kennysheep_generic_room_14
D:3:      old_standard_altar, st_stairs_8, lemuel_old_faithful, uniq_natasha
D:4:      minivault_4, nicolae_qazlal_general_emergency, uniq_purgy
D:5:      first_bread, basic_altar, minmay_hedge_maze, hex_medium,
          cheibriados_altar_wand_db
D:7:      zin_purify, grunt_ogre_cave, kennysheep_doodads, st_stairs_1,
          uniq_joseph, uniq_menkaure

Skill      XL: |  1  2  3  4  5  6  7  8 |
---------------+-------------------------+-----
Long Blades    | 4 5 6 7 8 |  8.0
Dodging        | 4 6 7 |  7.5
Fighting       | 4 5 |  5.0
Stealth        | |  2.1

Action                   |  1- 3 |  4- 6 |  7- 9 || total
-------------------------+-------+-------+-------++-------
Melee: Falchion          |   125 |   179 |    25 ||   329
       Great sword       |       |     5 |    72 ||    77
       Long sword        |       |       |    12 ||    12
Evoke: Wand              |       |       |     2 ||     2
  Use: Scroll            |     6 |     4 |     2 ||    12
       Potion            |       |     6 |     7 ||    13
 Stab: Sleeping          |     9 |     8 |     1 ||    18
       Distracted        |     1 |       |     1 ||     2
  Eat: Chunk             |     3 |     4 |     2 ||     9
       Fruit             |     1 |     1 |       ||     2
       Pizza             |       |     1 |       ||     1
       Meat ration       |       |     1 |       ||     1
       Beef jerky        |       |       |     1 ||     1
Armor: Robe              |    16 |    12 |       ||    28
       Leather armour    |       |    17 |    20 ||    37
Dodge: Dodged            |   102 |   137 |   116 ||   355
       Rpst.: Falchion   |    33 |    44 |     6 ||    83
       Great sword       |       |     4 |    34 ||    38
       Long sword        |       |       |     2 ||     2
